AoeStats
← Lord_Wilfredo

Arena

509034861Analyzed
3v3 RM · 7d ago on Sep 25, 2026· 61m 17s· 6 players
Game mode
Random Map
Map size
Normal (6 player)
Population
200
Speed
Normal
Resources
Standard
Victory
Conquest
Starting age
Dark Age
Ending age
Imperial Age
RankedLock teamsTeams togetherTeam positionsShared explorationLock speedFull tech treeHidden civsTurbo modeCheats
Victory
Defeat
🇭🇰 Mongols · Hong Kong SAR China
1587
+9
🇨🇳 Franks · China
1245
+22
🇨🇳 Japanese · China
1162
+25
🇦🇷 Spanish · Argentina
1415
-20
🇺🇸 Celts · United States
1382
-18
🇦🇺 Khmer · Australia
1369
-18
WolfDog2539
11:28 Feudal Age
12:24 Double-Bit Axe
12:21 Horse Collar
15:23 Castle Age
17:38 Bow Saw
18:06 Wheelbarrow
20:31 Gold Mining
21:50 Hand Cart
21:21 Loom
28:23 Imperial Age
27:05 Gold Shaft Mining
27:21 Scale Mail Armor
27:31 Forging
28:28 Chain Mail Armor
27:34 Man-at-Arms
28:00 Gambesons
28:13 Pikeman
28:26 Capped Ram
29:51 Iron Casting
29:36 Furor Celtica
29:09 Pikeman
29:54 Long Swordsman
30:09 Halberdier
31:39 Plate Mail Armor
32:09 Blast Furnace
30:43 Two-Handed Swordsman
33:34 Blast Furnace
33:43 Conscription
33:08 Siege Ram
33:37 Arson
38:14 Heavy Scorpion
40:27 Ballistics
41:07 Chemistry
50:41 Onager
51:33 Champion
Cowardpunch
10:46 Feudal Age
15:02 Castle Age
13:14 Double-Bit Axe
15:13 Loom
20:12 Bloodlines
20:02 Husbandry
19:53 Light Cavalry
20:48 Horse Collar
23:33 Sanctity
23:21 Devotion
23:29 Heavy Plow
27:22 Bow Saw
32:23 Crossbowman
33:50 Padded Archer Armor
33:44 Fletching
36:19 Bodkin Arrow
36:35 Forging
41:29 Imperial Age
39:13 Forging
39:03 Scale Mail Armor
40:30 Ballistics
40:50 Masonry
40:13 Pikeman
41:21 Gold Mining
42:39 Gold Shaft Mining
43:23 Chemistry
41:48 Heavy Scorpion
43:19 Chain Mail Armor
43:39 Iron Casting
44:35 Conscription
45:27 Double Crossbow
46:58 Halberdier
49:19 Blast Furnace
52:37 Hussar
53:25 Scale Barding Armor
Lord_Wilfredo
10:42 Feudal Age
11:31 Loom
15:07 Castle Age
13:53 Double-Bit Axe
16:06 Bow Saw
18:18 Horse Collar
24:11 Wheelbarrow
29:07 Imperial Age
26:30 Fletching
26:40 Padded Archer Armor
26:29 Town Watch
26:53 Gold Mining
27:43 Bodkin Arrow
28:19 Leather Archer Armor
28:42 Hand Cart
28:25 Elite Skirmisher
29:53 Bracer
30:55 Chemistry
31:20 Conscription
32:16 Two-Man Saw
33:20 Ring Archer Armor
32:59 Scale Barding Armor
33:04 Forging
35:35 Ballistics
36:41 Bombard Tower
38:56 Thumb Ring
40:06 Capped Ram
43:20 Chain Barding Armor
43:35 Iron Casting
43:39 Bloodlines
43:30 Husbandry
42:51 Light Cavalry
44:54 Town Patrol
45:59 Siege Ram
46:44 Cavalier
50:16 Blast Furnace
49:51 Plate Barding Armor
动物凶猛
10:06 Feudal Age
12:06 Loom
14:35 Castle Age
12:28 Double-Bit Axe
28:07 Imperial Age
26:25 Wheelbarrow
26:03 Bow Saw
25:48 Gold Mining
26:37 Scale Barding Armor
26:43 Forging
27:31 Gold Shaft Mining
27:47 Husbandry
28:53 Chain Barding Armor
29:10 Hand Cart
28:48 Cavalier
30:26 Iron Casting
31:05 Plate Barding Armor
32:05 Paladin
33:35 Squires
33:23 Gambesons
32:59 Pikeman
33:42 Scale Mail Armor
34:43 Blast Furnace
36:44 Coinage
37:20 Chain Mail Armor
37:32 Halberdier
38:19 Stone Mining
40:46 Plate Mail Armor
40:20 Fletching
40:31 Padded Archer Armor
44:43 Elite Throwing Axeman
45:24 Chivalry
47:39 Light Cavalry
48:09 Onager
大平果是小菜鸡父亲
9:13 Feudal Age
13:13 Castle Age
11:17 Double-Bit Axe
14:28 Bow Saw
18:17 Loom
21:17 Wheelbarrow
21:39 Horse Collar
24:12 Hand Cart
27:52 Imperial Age
25:58 Heavy Plow
26:07 Fletching
26:18 Padded Archer Armor
26:21 Stone Mining
28:03 Stone Shaft Mining
27:26 Bodkin Arrow
28:03 Elite Mangudai
29:16 Husbandry
29:27 Bloodlines
29:41 Conscription
29:34 Bracer
29:45 Town Watch
31:02 Ballistics
30:51 Thumb Ring
30:52 Gold Mining
31:44 Leather Archer Armor
32:36 Chemistry
33:40 Drill
33:32 Siege Engineers
33:48 Scale Barding Armor
35:12 Hoardings
36:01 Light Cavalry
37:02 Chain Barding Armor
38:14 Hussar
39:17 Forging
43:54 Capped Ram
45:49 Iron Casting
44:47 Siege Ram
45:20 Sappers
46:11 Fortified Wall
46:11 Masonry
48:48 Nomads
野猪王
10:54 Feudal Age
14:39 Castle Age
12:44 Double-Bit Axe
13:13 Stone Mining
13:34 Loom
16:51 Bow Saw
17:44 Gold Mining
22:30 Gold Shaft Mining
27:24 Imperial Age
25:15 Pikeman
41:13 Wheelbarrow
41:16 Scale Mail Armor
44:07 Chain Mail Armor
44:34 Forging
56:15 Iron Casting
56:13 Plate Mail Armor
60:46 Ballistics
60:18 Guard Tower
61:16 Squires
61:02 Gambesons
61:04 Arson
Connection lost

Rejoining the realm…

Still unreachable

The connection could not be restored.

Session expired

The server has moved on; the page needs a fresh start.